 Dungeon Crawl Stone Soup version 0.29.1-15-g9cfb28693d (webtiles) character file.

Game seed: 12240544946873027330

415 Heoruswealwe the Digger (level 6, 0/32 HPs)
             Began as a Deep Elf Earth Elementalist on Mar 20, 2023.
             Slain by a killer bee (9 damage)
             ... on level 5 of the Dungeon.
             The game lasted 00:44:38 (3595 turns).

Heoruswealwe the Digger (DEEE)                      Turns: 3595, Time: 00:44:38

Health: 0/32       AC:  3    Str:  5    XL:     6   Next: 60%
Magic:  22/24      EV: 12    Int: 22    God:
Gold:   202        SH:  0    Dex: 15    Spells: 5/15 levels left

rFire   . . .      SeeInvis .   a - +0 rapier
rCold   . . .      Faith    .   (no shield)
rNeg    . . .      Spirit   .   b - +0 robe
rPois   .          Reflect  .   (no helmet)
rElec   .          Harm     .   (no cloak)
rCorr   .          Rampage  .   (no gloves)
Will    .....                   c - +0 pair of boots
Stlth   ++........              d - amulet of regeneration
HPRegen 0.90/turn               e - ring of magical power
MPRegen 0.19/turn               (no ring)

@: lethally poisoned (0 -> -10)
A: no striking features
a: no special abilities


You were on level 5 of the Dungeon.
You visited 1 branch of the dungeon, and saw 5 of its levels.

You collected 202 gold pieces.

Inventory:

Hand Weapons
 a - a +0 rapier (weapon)
 z - a +0 broad axe
Armour
 b - a +0 robe (worn)
 c - a +0 pair of boots (worn)
 t - a +0 robe
Jewellery
 d - an amulet of regeneration (around neck)
 e - a ring of magical power (left hand)
Wands
 r - a wand of iceblast (17)
 s - a wand of quicksilver (10)
Scrolls
 f - a scroll of immolation {unknown}
 h - 4 scrolls of fear {unknown}
 j - a scroll of magic mapping {unknown}
 m - 4 scrolls of identify {unknown}
 o - 3 scrolls of blinking {unknown}
 p - a scroll of teleportation {unknown}
 q - a scroll of poison {unknown}
Potions
 g - a potion of magic
 i - 3 potions of curing {unknown}
 k - 3 potions of heal wounds
 l - 2 potions of mutation {unknown}
 n - 2 potions of might {unknown}


   Skills:
 - Level 2.4 Dodging
 - Level 2.4 Stealth
 + Level 5.0 Spellcasting
 + Level 3.0 Conjurations
 + Level 3.3 Transmutations
 + Level 5.3 Earth Magic
 + Level 2.0 Evocations


You had 5 spell levels left.
You knew the following spells:

 Your Spells              Type           Power      Damage    Failure   Level
a - Sandblast             Erth           56%        2d13      1%          1
b - Passwall              Tmut/Erth      20%        N/A       2%          2
c - Stone Arrow           Conj/Erth      46%        3d9       5%          3
d - Petrify               Tmut/Erth      24%        N/A       17%         4

Your spell library contained the following spells:

 Spells                   Type           Power      Damage    Failure   Level
 Beastly Appendage        Tmut           40%        N/A       2%          1
 Wereblood                Tmut           20%        N/A       3%          2
 Necrotise                Necr           20%        1d5       10%         1
 Slow                     Hex            20%        N/A       10%         1
 Scorch                   Fire           10%        2d6       16%         2
 Sublimation of Blood     Necr           5%         N/A       16%         2
 Spider Form              Tmut/Pois      12%        N/A       16%         3
 Confusing Touch          Hex            5%         N/A       30%         3
 Gell's Gravitas          Tloc           5%         N/A       30%         3
 Lesser Beckoning         Tloc           5%         N/A       30%         3
 Teleport Other           Tloc           5%         N/A       30%         3
 Vampiric Draining        Necr           5%         2d6       30%         3
 Flame Wave               Conj/Fire      12%        2d6       47%         4
 Animate Dead             Necr           5%         N/A       69%         4
 Summon Cactus Giant      Summ           2%         N/A       100%        6


Dungeon Overview and Level Annotations

Branches:
Dungeon (5/15)
 Temple: D:4-7

Altars:
Kikubaaqudgha
Ru


Message History

The blast of sand hits the jackal!
You kill the jackal!
The jackal closely misses you.
The blast of sand hits the jackal.
The jackal is severely wounded.
The jackal misses you. The jackal bites you.
The blast of sand misses the jackal.
The jackal misses you. The jackal bites you.
The blast of sand hits the jackal!
You kill the jackal!
You see here a jackal corpse.
You now have 202 gold pieces (gained 11).
You hear the slow hiss of an avalanche of sand nearby.
You hear the slow hiss of a very distant avalanche of sand.
A killer bee comes into view.
Found 8 stones.
A scorpion comes into view. 2 killer bees come into view.
The killer bee buzzes angrily. x3
The killer bee moves out of view.
The blast of sand hits the killer bee!
The killer bee is moderately wounded.
The killer bee stings you but does no damage. x2
The killer bee closely misses you. The killer bee barely misses you.
The killer bee stings you! The killer bee misses you.
The blast of sand hits the killer bee.
The killer bee is moderately wounded.
The killer bee stings you!
You are poisoned.
The killer bee poisons you! The killer bee closely misses you. x2
The blast of sand hits the killer bee.
The killer bee is heavily wounded.
You feel sick. The killer bee stings you.
You are more poisoned.
The killer bee poisons you! The killer bee stings you.
* * * LOW HITPOINT WARNING * * *
You are lethally poisoned!
The killer bee poisons you! The killer bee stings you!
You die...

######
#....#
#.##.#
#.##.#
#.##.#
#.##.#
######.##.#
#.......#.#
#@#######.#
#y# #.#
.......y#
#.#
........#
#.#
........#
#.#
........#
#.#
.......(#
#.#####
.......##
#.....#
.......
#####.#


You could see 2 killer bees.

Vanquished Creatures
  A black bear (D:4)
  A scorpion (D:4)
  An orc priest (D:5)
  Jessica (D:2)
  3 orc wizards
  3 gnolls (D:4)
  4 adders
  A worm (D:2)
  3 dart slugs
  7 orcs
  3 ball pythons
  4 endoplasms
  3 giant cockroaches
  9 hobgoblins
  5 jackals
  3 kobolds
  A quokka (D:1)
  2 frilled lizards (D:2)
  8 goblins
  3 rats
66 creatures vanquished.

Vanquished Creatures (others)
  10 fungi (D:2)
  25 plants
35 creatures vanquished.

Grand Total: 101 creatures vanquished

Notes
Turn   | Place    | Note
-------+----------+-------------------------------------------
     0 | D:1      | Heoruswealwe the Deep Elf Earth Elementalist began the
                  | quest for the Orb.
     0 | D:1      | Reached XP level 1. HP: 10/10 MP: 6/6
   233 | D:1      | Reached XP level 2. HP: 15/15 MP: 8/8
   240 | D:1      | Learned a level 2 spell: Passwall
   937 | D:2      | Reached skill level 1 in Conjurations
   970 | D:2      | Reached XP level 3. HP: 19/19 MP: 9/9
  1192 | D:2      | Noticed Jessica
  1197 | D:2      | Killed Jessica
  1226 | D:2      | Found a faded altar of an unknown god.
  1327 | D:2      | Prayed at the altar of an unknown god.
  1327 | D:2      | Became a worshipper of Kikubaaqudgha
  1327 | D:2      | Reached * piety under Kikubaaqudgha
  1327 | D:2      | Received a gift from Kikubaaqudgha
  1329 | D:2      | Fell from the grace of Kikubaaqudgha
  1363 | D:2      | You fall into a shaft and drop 1 floor!
  1420 | D:3      | Reached XP level 4. HP: 24/24 MP: 11/11
  1634 | D:3      | Reached XP level 5. HP: 26/28 MP: 13/13
  2053 | D:1      | Learned a level 3 spell: Stone Arrow
  2058 | D:1      | Learned a level 4 spell: Petrify
  2855 | D:4      | Reached skill level 5 in Earth Magic
  2855 | D:4      | Reached skill level 1 in Evocations
  3133 | D:4      | Reached XP level 6. HP: 32/32 MP: 14/14
  3239 | D:4      | Found a sacrificial altar of Ru.
  3443 | D:5      | Entered Level 5 of the Dungeon
  3468 | D:5      | Reached skill level 5 in Spellcasting
  3595 | D:5      | Slain by a killer bee

Illustrated notes

Levels and vault maps discovered:
D:1:      eino_arrival_druids_welcome, layout_basic, minmay_misc_feat_nine_boxes
D:2:      layout_rooms, dreamdust_ecumenical_altar_grove, minmay_parallelograms,
          uniq_jessica
D:3:      kennysheep_big_flooded_room, layout_loops_ring
D:4:      layout_basic, mainiacjoe_overflow_24_doors, serial_co_window_serial,
          co_window_paths_a, co_window_of_opportunity_a, co_window_corner_a,
          co_window_of_opportunity_a, co_window_of_opportunity_a,
          co_window_broadway_b, co_window_2corner, co_window_corner_ca,
          co_window_corner_b, co_window_broadway_b, co_window_4corner_a,
          glass_columns_b, glass_columns_b, glass_columns_b, glass_columns_c,
          glass_columns_a, minmay_misc_feat_tiny
D:5:      layout_basic, enter_ossuary_3

Skill      XL: |  1  2  3  4  5  6 |
---------------+-------------------+-----
Conjurations   | 1 2 3 |  3.0
Transmutations | 2 3 |  3.3
Earth Magic    | 4 5 |  5.3
Spellcasting   | 4 5 |  5.0
Evocations     | 1 2 |  2.0
Dodging        | |  2.4
Stealth        | |  2.4

Action                   |  1- 3 |  4- 6 || total
-------------------------+-------+-------++-------
Melee: Dagger            |    98 |       ||    98
       Punch             |     1 |       ||     1
       Rapier            |    55 |     4 ||    59
 Cast: Sandblast         |    40 |    71 ||   111
       Passwall          |     1 |    10 ||    11
Invok: Renounce Religion |     1 |       ||     1
  Use: Scroll            |     1 |       ||     1
       Potion            |       |     1 ||     1
Armor: Robe              |     2 |     8 ||    10
Dodge: Dodged            |     5 |    31 ||    36
